 Dungeon Crawl Stone Soup version 0.25.0-10-g039870e (webtiles) character file.

Game seed: 1171463327428115788

5635 Faca the Archer (level 10, -2/91 HPs)
             Began as a Centaur Hunter on June 22, 2020.
             Slain by a sixfirhy (3 damage)
             ... on level 1 of the Abyss.
             The game lasted 00:27:10 (13076 turns).

Faca the Archer (Centaur Hunter)                   Turns: 13076, Time: 00:27:11

Health: -2/91      AC: 10    Str: 23 (24) XL:     10   Next: 46%
Magic:  10/10      EV:  6    Int:  8 (10) God:
Gold:   417        SH:  0    Dex:  9 (10) Spells: 9/9 levels left

rFire    + . .     SeeInvis .   u - +4 trident
rCold    . . .     Gourm    .   (no shield)
rNeg     . . .     Faith    .   n - +0 chain mail
rPois    .         Spirit   .   h - +2 helmet "Mehinek" {rElec rF+}
rElec    +         Reflect  .   (no cloak)
rCorr    +         Harm     .   (no gloves)
MR       .....                  (no barding)
Stlth    ..........             (no amulet)
HPRegen  0.25/turn              b - +6 ring of strength
MPRegen  0.12/turn              w - ring of resist corrosion

@: stab, lightly drained, very quick
A: large, hooves 3, deformed body, speed 2, tough skin 3
a: no special abilities


You were on level 1 of the Abyss.
You were not hungry.

You visited 2 branches of the dungeon, and saw 8 of its levels.
You visited the Abyss 1 time.

You collected 417 gold pieces.

Inventory:

Hand Weapons
 a - a +2 shortbow
 u - a +4 trident (weapon)
Missiles
 d - 96 arrows
Armour
 h - the +2 helmet "Mehinek" (worn) {rElec rF+}
   (You took it off Robin on level 3 of the Dungeon)

   It protects you from fire.
   It insulates you from electricity.
 n - a +0 chain mail (worn)
Jewellery
 b - a +6 ring of strength (left hand)
 s - an uncursed ring of see invisible
 w - a ring of resist corrosion (right hand)
Wands
 k - a wand of random effects (5)
 q - a wand of disintegration (5)
 v - a wand of clouds (6)
 x - a wand of acid (4)
Scrolls
 e - a scroll of fog {unknown}
 i - 2 scrolls of enchant armour
 y - a scroll of teleportation {unknown}
 A - a scroll of noise {unknown}
Potions
 c - a potion of degeneration
 g - 3 potions of stabbing
 j - a potion of resistance {unknown}
 l - 6 potions of curing
 m - 2 potions of mutation
 o - 3 potions of flight
 p - a potion of might {unknown}
 r - a potion of cancellation {unknown}
 t - 2 potions of heal wounds {unknown}
Comestibles
 f - 16 rations


   Skills:
 + Level 9.5 Fighting
 + Level 7.8(7.7) Polearms
 + Level 12.8(12.7) Bows
 - Level 1.3 Dodging
 - Level 0.4(0.3) Stealth


You had 9 spell levels left.
You didn't know any spells.
Your spell library contained the following spells:

 Spells                   Type           Power        Failure   Level  Hunger
 Infusion                 Chrm           #...         99%         1    ##.....
 Magic Dart               Conj           #...         99%         1    ##.....
 Blink                    Tloc           N/A          99%         2    ###....
 Call Imp                 Summ           #.......     99%         2    ###....
 Shroud of Golubria       Chrm/Tloc      #.....       99%         2    ###....
 Slow                     Hex            #.......     99%         2    ###....
 Song of Slaying          Chrm           #.......     99%         2    ###....
 Conjure Flame            Conj/Fire      #.......     100%        3    ####...
 Mephitic Cloud           Conj/Pois/Air  #.......     100%        3    ####...
 Ozocubu's Armour         Chrm/Ice       #.......     100%        3    ####...
 Spectral Weapon          Hex/Chrm       #.......     100%        3    ####...


Dungeon Overview and Level Annotations

Branches:
Dungeon (7/15)             Temple (1/1) D:5

Altars:
Ashenzari
Cheibriados
Dithmenos
Elyvilon
Fedhas
Hepliaklqana
Kikubaaqudgha
Makhleb
Nemelex Xobeh
Qazlal
Ru
Sif Muna
Trog
Uskayaw
Vehumet
Wu Jian
Xom
Yredelemnul
The Shining One

Shops:
D:4 [   D:5 =


Innate Abilities, Weirdness & Mutations

You have hooves in place of feet.
Armour fits poorly on your strangely shaped body.
You cover ground very quickly.
You have extremely tough skin. (AC +3)


Message History

The sixfirhy hits you!
* * * LOW HITPOINT WARNING * * *
The sixfirhy shocks you. You resist.
* * * LOW HITPOINT WARNING * * *
You closely miss the sixfirhy. Your kick misses the sixfirhy.
The sixfirhy is lightly wounded.
It was a potion of stabbing.
You feel ready to backstab.
The sixfirhy hits you but does no damage.
It was a potion of degeneration.
There was something very wrong with that liquid.
You feel weakened.
You feel dopey.
You feel clumsy. The sixfirhy barely misses you. The sixfirhy hits you.
* * * LOW HITPOINT WARNING * * *
The sixfirhy shocks you. You resist.
* * * LOW HITPOINT WARNING * * *
The sixfirhy hits you.
* * * LOW HITPOINT WARNING * * *
The sixfirhy shocks you. You resist.
You die...

# . .####. .#...#.#
.#....## ...# #.....
# ......#.. .##.....#
#...#.....#3...#.....
###
.#......##.#...#.# .
#.####.##..#..#.# .
#.X....#..# .
#.#.3....# #####@#..#
#.......#.# ##.###..#
# .... ....# ..##..
..# #.# #.# ..


You could see a large abomination and a sixfirhy.

Vanquished Creatures
  Pikel (D:7)
  4 yaks (D:6)
  5 humans
  Edmund (D:5)
  Duvessa (D:6)
  An orc warrior (D:2)
  2 phantoms
  2 ice beasts
  2 black bears
  A slave (D:7)
  2 sky beasts (D:6)
  7 ogres
  A necrophage (D:6)
  2 centaurs
  A big kobold (D:7)
  A bullfrog (D:7)
  A wyvern zombie (D:6)
  2 gnoll sergeants (D:7)
  Dowan (D:6)
  A wyvern skeleton (D:7)
  3 scorpions
  5 wights
  A crimson imp (D:7)
  2 bullfrog zombies (D:6)
  8 hounds
  A quasit (D:6)
  3 orc priests
  A bullfrog skeleton (D:7)
  A centaur skeleton (D:4)
  2 orc wizards (D:3)
  3 gnoll shamans (D:7)
  An iguana (D:6)
  A worker ant (D:7)
  A killer bee zombie (D:7)
  4 hound zombies (D:6)
  3 hound skeletons (D:6)
  A howler monkey zombie (D:6)
  Robin (D:3)
  19 gnolls (D:7)
  A worker ant zombie (D:6)
  A howler monkey skeleton (D:6)
  8 adders
  A shadow imp (D:5)
  2 oozes
  An adder zombie (D:6)
  An adder skeleton (D:6)
  A worm (D:2)
  3 dart slugs
  3 leopard geckos
  12 orcs
  6 bats
  8 giant cockroaches
  11 goblins
  9 hobgoblins
  28 jackals
  3 kobolds (D:7)
  4 quokkas
  A ball python (D:5)
  6 frilled lizards
  A giant cockroach zombie (D:6)
  A jackal skeleton (D:6)
  A quokka zombie (D:6)
  9 rats
222 creatures vanquished.

Notes
Turn   | Place    | Note
-------+----------+-------------------------------------------
     0 | D:1      | Faca the Centaur Hunter began the quest for the Orb.
     0 | D:1      | Reached XP level 1. HP: 17/17 MP: 1/1
   152 | D:1      | Reached XP level 2. HP: 18/25 MP: 2/2
   949 | D:1      | Reached skill level 6 in Bows
  1037 | D:1      | Reached XP level 3. HP: 29/30 MP: 3/3
  1222 | D:2      | Found a blossoming altar of Fedhas.
  1285 | D:2      | Found a shimmering blue altar of Sif Muna.
  1290 | D:2      | Noticed an orc warrior
  1425 | D:2      | Killed an orc warrior
  1425 | D:2      | Reached XP level 4. HP: 36/40 MP: 4/4
  1440 | D:2      | Reached skill level 7 in Bows
  1440 | D:2      | Reached XP level 5. HP: 44/46 MP: 5/5
  1665 | D:2      | Found a stormy altar of Qazlal.
  2041 | D:3      | Reached skill level 1 in Polearms
  2377 | D:3      | Identified the +2 helmet "Mehinek" {rElec rF+}
  2377 | D:3      | Noticed Robin
  2399 | D:3      | Killed Robin
  2601 | D:3      | Reached XP level 6. HP: 53/53 MP: 6/6
  2751 | D:3      | Found a faded altar of an unknown god.
  3707 | D:4      | Found Olargh's Antique Armour Emporium.
  3782 | D:4      | Reached skill level 5 in Fighting
  3782 | D:4      | Reached skill level 8 in Bows
  3995 | D:4      | Reached XP level 7. HP: 56/61 MP: 7/7
  4457 | D:4      | Found a glowing golden altar of the Shining One.
  4880 | D:5      | Entered Level 5 of the Dungeon
  4959 | D:5      | Found a staircase to the Ecumenical Temple.
  4966 | Temple   | Entered the Ecumenical Temple
  5536 | D:5      | Noticed Edmund
  5555 | D:5      | Killed Edmund
  5555 | D:5      | Reached skill level 9 in Bows
  5698 | D:5      | Reached XP level 8. HP: 49/70 MP: 8/8
  6081 | D:5      | Found a shimmering altar of Xom.
  6194 | D:5      | Found Noutiogo's Jewellery Shoppe.
  6636 | D:6      | Found a hide-covered altar of Uskayaw.
  7109 | D:6      | Reached skill level 10 in Bows
  7491 | D:6      | Reached skill level 5 in Polearms
  7705 | D:6      | Reached XP level 9. HP: 71/79 MP: 9/9
  8011 | D:6      | Found a hide-covered altar of Uskayaw.
  8317 | D:6      | Reached skill level 11 in Bows
  8572 | D:7      | Noticed Duvessa
  8576 | D:7      | Noticed Dowan
  8587 | D:6      | Killed Duvessa
  8598 | D:6      | Killed Dowan
  9093 | D:7      | Found a bloodstained altar of Trog.
 10806 | D:7      | Reached skill level 12 in Bows
 11216 | D:7      | Reached XP level 10. HP: 86/90 MP: 10/10
 12752 | D:7      | Found a shimmering altar of Xom.
 12794 | D:7      | Noticed Pikel
 12809 | D:7      | Killed Pikel
 12966 | D:7      | Cast into level 1 of the Abyss (gnoll sergeant)
 13014 | Abyss:1  | Noticed a large abomination
 13049 | Abyss:1  | Noticed a sixfirhy
 13055 | Abyss:1  | Noticed a glowing orange brain
 13076 | Abyss:1  | HP: 2/91 [sixfirhy (3)]
 13076 | Abyss:1  | Slain by a sixfirhy

Illustrated notes

Levels and vault maps discovered:
D:1:      minmay_arrival_nine_rooms, layout_loops_ring, minmay_distorted
D:2:      layout_loops_ring, old_standard_altar, lemuel_doored_altar,
          fedhas_altar_2, hex_medium
D:3:      layout_basic, chequers_ecumenical_altar_twisty, minivault_5,
          uniq_robin
D:4:      layout_basic, kennysheep_mini_moat, first_ration, serial_shops, shop
D:5:      layout_basic, tgw_xom, minmay_temple_entry_proselytizer, serial_shops,
          shop, uniq_edmund
D:6:      layout_cave_pools, kennysheep_little_box, serial_undead,
          serial_undead_c, serial_undead_c, serial_undead_e, serial_undead_b,
          serial_undead_e, serial_undead_b, serial_undead_b, serial_undead_a,
          basic_altar
D:7:      layout_cave_pools, trog_ov_bears_minmay, basic_altar,
          serial_gnoll_camp, gnoll_camp_mini_doghouse, gnoll_camp_medium_02,
          gnoll_camp_mini_hut, gnoll_camp_medium_01, gnoll_camp_mini_hut,
          gnoll_camp_mini_basic, grunt_ogre_cave, hangedman_decor_riveting,
          minmay_ruffians, uniq_duvessa, uniq_pikel, uniq_crazy_yiuf_cottage
Temple:   minmay_temple_forest_path
Abyss:1:  base:
D:10

Skill      XL: |  1  2  3  4  5  6  7  8  9 10 |
---------------+-------------------------------+-----
Bows           | 6 7 8 9 10 12 | 12.8
Fighting       | 3 4 5 6 7 8 9 |  9.5
Polearms       | 1 2 3 5 7 |  7.8
Dodging        | |  1.3
Stealth        | |  0.4

Action                   |  1- 3 |  4- 6 |  7- 9 | 10-12 || total
-------------------------+-------+-------+-------+-------++-------
Melee: Short sword       |   100 |    32 |       |       ||   132
       Kick              |    14 |    44 |   116 |    38 ||   212
       Spear             |       |    81 |       |       ||    81
       Trident           |       |    93 |   488 |   139 ||   720
 Fire: Shortbow          |    26 |     3 |       |       ||    29
  Use: Scroll            |     2 |     5 |     4 |     1 ||    12
       Potion            |       |     1 |       |     2 ||     3
  Eat: Chunk             |     1 |     7 |    14 |     5 ||    27
       Ration            |       |       |     2 |     1 ||     3
Armor: Leather armour    |    46 |       |       |       ||    46
       Chain mail        |       |   139 |   353 |    95 ||   587
Dodge: Dodged            |    44 |    55 |   163 |    44 ||   306
